Unix NetHack Version 5.0.0-0 post-release - last build May 10 2026 23:12:36 (d1fa5d53e341ca933230fdaa984d921c805b60aa,branch:main).

Game began 2026-05-14 21:58:07, ended 2026-05-14 22:29:22.

ArrBianca, lawful female human Archeologist

                                       -------
             ##########################......|
             #  #---------------       |.....-##
          ####  #|.............|  #####......| #
 ---------#   ###-..............###    --.-.-- #
 |........##### #|.............|         ###   #
 |.......|      #|.............-#         #    0##
 |.......-#######|.............|##        ##     ########
 ---------       --------------- ##### ----.---         #
                                     # |>......##       ####
                                     ##|......| #    ------####
                                      #|......| #    |....|  # ----+-
                                      #--------h#####-..<.|  # |.F..|
                                      0######a###0   |.....# # |....|
                                                 ##  |.[..|####.....|
                                                  ###.....|    |^.`.|
                                                     |....|    ---|--
                                                     ------       ^

ArrBianca the Investigator  St:14 Dx:12 Co:13 In:14 Wi:16 Ch:10  Lawful
Dlvl:9  $:372 HP:0(47) Pw:33(33) AC:7  Xp:6 T:2993 

Latest messages:
 You find a hidden door.
 This door is locked.
 Unlock it with your lock pick? [ynq] (q) y
 You succeed in picking the lock.
 The door opens.
 The leprechaun hits!
 Your purse feels lighter.
 The leprechaun vanishes!
 You find a hidden passage.
 You find a hidden passage.
 You try to move the boulder, but in vain.
 You hear a door open.
 What do you want to zap? [oO or ?*] o
 In what direction? k
 The magic missile hits the Woodland-elf.
 What do you want to use or apply? [ae-ilopstvO or ?*] a
 In what direction? k
 Snap!
 The Woodland-elf wields a runed broadsword!
 What do you want to use or apply? [ae-ilopstvO or ?*] a
 In what direction? k
 You wrap your bullwhip around the Woodland-elf's runed broadsword.
 You yank the runed broadsword from the Woodland-elf's hand!
 You lash the Woodland-elf!
 The Woodland-elf hits!
 You lash the Woodland-elf!
 The Woodland-elf hits!
 You kill the Woodland-elf!
 Welcome to experience level 6.
 B - a leather hat.
 You swap places with the peaceful hobbit.
 You swap places with the peaceful hobbit.
 You try to move the boulder, but in vain.
 You miss the soldier ant.
 The soldier ant bites!
 The soldier ant stings!
 You lash the soldier ant!
 The soldier ant bites!
 The soldier ant stings!
 You miss the soldier ant.
 The soldier ant bites!
 The soldier ant stings!
 The soldier ant's sting was poisoned!
 The poison doesn't seem to affect you.
 The soldier ant bites!
 The soldier ant stings!
 You die...
 Do you want an account of creatures vanquished? [ynaq] (y) a
 Do you want to see your conduct and achievements? [ynq] (n) y
 Do you want to see the dungeon overview? [ynq] (y) y

Inventory:
 Coins    ('$')
  $ - 372 gold pieces
 Amulets  ('"')
  Y - an uncursed amulet versus poison (being worn)
 Weapons  (')')
  a - a +3 bullwhip (weapon in left hand)
 Armor    ('[')
  B - an uncursed +0 elven leather helm
  c - an uncursed +0 fedora (being worn)
  j - an uncursed +1 pair of speed boots (being worn)
  b - an uncursed +0 leather jacket (being worn)
 Comestibles  ('%')
  w - 2 uncursed heads of romanesco
  d - 8 uncursed food rations
  u - an uncursed tripe ration
 Scrolls  ('?')
  z - an uncursed scroll of blank paper
  y - a cursed scroll of blank paper
  A - an uncursed scroll of destroy armor
  x - an uncursed scroll of enchant armor
  R - an uncursed scroll of light
  n - an uncursed scroll of taming
 Wands    ('/')
  o - a wand of magic missile (0:1)
  O - a wand of polymorph (0:7)
 Tools    ('(')
  h - an empty uncursed sack
  v - an empty uncursed sack
  p - an uncursed lock pick
  i - an uncursed oil lamp
  e - a +0 pick-axe (alternate weapon; not wielded)
  l - an uncursed stethoscope
  t - a cursed tin opener
  s - an uncursed tin whistle
  f - a tinning kit (0:26)
 Gems/Stones  ('*')
  g - an uncursed touchstone

ArrBianca the Archeologist's attributes:

Background:
 You were an Investigator, a level 6 female human Archeologist.
 You were lawful, on a mission for Quetzalcoatl
 who was opposed by Camaxtli (neutral) and Huhetotl (chaotic).
 You were left-handed.
 You were in the Dungeons of Doom, on level 9.
 You entered the dungeon 2993 turns ago.
 It was nighttime.
 You had 350 experience points, 290 more were needed to attain level 7.

Basics:
 You had 0 out of 47 hit points.
 You had all 33 energy points (spell power).
 Your armor class was 7.
 Your wallet contained 372 zorkmids.
 Autopickup was on for '$?!/="+%' plus thrown, with exceptions.

Final Characteristics:
 Your strength was 14 (limit:18/100).
 Your dexterity was 12 (limit:18).
 Your constitution was 13 (limit:18).
 Your intelligence was 14 (limit:18).
 Your wisdom was 16 (limit:18).
 Your charisma was 10 (limit:18).

Final Status:
 You weren't hungry.
 You were unencumbered.
 You were wielding a whip.
 You were skilled in whip.

Final Attributes:
 You were piously aligned.
 You were poison resistant.
 You were telepathic.
 You had automatic searching.
 You were invisible.
 You were stealthy.
 You were very fast.
 You were lucky.
 You are dead.

Miscellaneous:
 You didn't encounter any bones levels.
 Total elapsed playing time was 30 minutes and 59 seconds.

Major events:
 Turn
    1: ArrBianca the lawful female human Archeologist entered the dungeon
  826: attained the rank of Field Worker (level 3)
 1733: consulted the Oracle
 2968: attained the rank of Investigator (level 6)
 2993: killed by a soldier ant

You didn't know any spells.

Skills:
 Fighting Skills
   bare handed combat [Unskilled]
   two weapon combat  [Unskilled]
   riding             [Unskilled]
 Weapon Skills
   dagger             [Unskilled]
   knife              [Unskilled]
   pick-axe           [Basic]
   short sword        [Unskilled]
   saber              [Unskilled]
   club               [Unskilled]
   quarterstaff       [Unskilled]
   sling              [Unskilled]
   dart               [Unskilled]
   boomerang          [Unskilled]
   whip               [Skilled]
   unicorn horn       [Unskilled]
 Spellcasting Skills
   attack spells      [Unskilled]
   healing spells     [Unskilled]
   divination spells  [Unskilled]
   matter spells      [Unskilled]

Voluntary challenges:
 Character rerolling was not enabled.
 You never had a pet.
 You never genocided any monsters.
 You never polymorphed an object.
 You never changed form.
 You used no wishes.
Achievements:
 You entered a shop.
 You attained the rank of Field Worker.
 You consulted the Oracle of Delphi.
 You attained the rank of Investigator.

 The Dungeons of Doom: levels 1 to 10
    Level 1:
    Level 2:
    Level 3:
    Level 4:
       An armor shop, a fountain.
    Level 5:
       Many fountains.
       Oracle of Delphi.
    Level 6:
    Level 7:
    Level 8: "stash"
       A fountain.
    Level 9: <- You were here.
       Final resting place for
          you, killed by a soldier ant.
    Level 10:
       An altar.


Vanquished creatures:
  a wolf
  a housecat
  a gnome mummy
  a Woodland-elf
 an imp
  a rock piercer
  a gray ooze
  a paper golem
  2 floating eyes
  a homunculus
  a kobold shaman
 an orc zombie
  a dwarf zombie
  a werejackal
  3 iguanas
  2 acid blobs
  3 coyotes
  a large kobold
  2 giant rats
  a gnome
  a gnome zombie
  2 geckos
  9 jackals
  2 foxes
  2 grid bugs
  a bat
  3 lichens
  4 newts
51 creatures vanquished.

No species were genocided or became extinct.

Game over:
                       ----------
                      /          \
                     /    REST    \
                    /      IN      \
                   /     PEACE      \
                  /                  \
                  |    ArrBianca     |
                  |      372 Au      |
                  |   killed by a    |
                  |   soldier ant    |
                  |                  |
                  |                  |
                  |       2026       |
                 *|     *  *  *      | *
        _________)/\\_//(\/(/\)/\//\/|_)_______

Goodbye ArrBianca the Archeologist...

You died in The Dungeons of Doom on dungeon level 9 with 2196 points,
and 372 pieces of gold, after 2993 moves.
You were level 6 with a maximum of 47 hit points when you died.

